 Dungeon Crawl Stone Soup version 0.21-a0-39-g28ea6b7 (webtiles) character file.

76 FrankyJ the Grasshopper (level 4, -3/29 HPs)
             Began as a Halfling Warper on May 30, 2017.
             Slain by a river rat (9 damage)
             ... on level 2 of the Dungeon on May 31, 2017.
             The game lasted 00:10:50 (3070 turns).

FrankyJ the Grasshopper (Halfling Warper)           Turns: 3070, Time: 00:10:51

Health: -3/29      AC:  4    Str: 12    XL:     4   Next: 57%
Magic:  3/7        EV: 14    Int: 12    God:
Gold:   101        SH:  0    Dex: 13    Spells: 3/7 levels left

rFire    . . .     SeeInvis .   a - +0 short sword
rCold    . . .     Gourm    .   (shield restricted)
rNeg     . . .     Faith    .   b - +0 leather armour
rPois    .         Spirit   .   o - +0 hat
rElec    .         Reflect  .   (no cloak)
rCorr    .         Harm     .   i - +0 pair of gloves
MR       .....                  (no boots)
Stlth    ++........             (no amulet)
Regen    0.1/turn               (no ring)
MPRegen  0.1/turn               (no ring)

@: no status effects
A: mutation resistance 1
a: no special abilities


You were on level 2 of the Dungeon.
You were not hungry.

You visited 1 branch of the dungeon, and saw 3 of its levels.
You also visited: Sewer.

You collected 101 gold pieces.

Inventory:

Hand Weapons
 a - a +0 short sword (weapon)
 k - a +0 hand axe of electrocution
Missiles
 e - 4 tomahawks of dispersal (quivered)
 r - 5 tomahawks
Armour
 b - a +0 leather armour (worn)
 i - a +0 pair of gloves (worn)
 o - a +0 hat (worn)
Scrolls
 g - 10 scrolls of identify
 h - a scroll of magic mapping {unknown}
 t - a scroll of remove curse {unknown}
 u - a scroll of recharging {unknown}
Potions
 d - a potion of degeneration {unknown}
 j - a potion of invisibility {unknown}
 l - a potion of flight {unknown}
 m - 2 potions of resistance
 p - a potion of curing {unknown}
 q - a potion of heal wounds {unknown}
 s - a potion of magic {unknown}
Books
 c - a book of Spatial Translocations

   Spells                             Type                      Level
   a - Blink                          Translocation                2
   b - Shroud of Golubria             Charms/Translocation         2
   c - Lesser Beckoning               Translocation                3
   d - Gell's Gravitas                Translocation                3
   e - Teleport Other                 Translocation                3
   f - Passage of Golubria            Translocation                4
Comestibles
 f - 4 bread rations
 n - 2 meat rations


   Skills:
 - Level 2.1 Fighting
 - Level 3.0 Short Blades
 - Level 1.0 Throwing
 - Level 1.1 Armour
 - Level 2.1 Dodging
 + Level 3.2 Stealth
 - Level 2.0 Spellcasting
 - Level 3.2 Translocations


You had 3 spell levels left.
You knew the following spells:

 Your Spells              Type           Power        Failure   Level  Hunger
a - Shroud of Golubria    Chrm/Tloc      #.........   26%         2    ###....
b - Blink                 Tloc           N/A          14%         2    ###....


Dungeon Overview and Level Annotations

Branches:
Dungeon (3/15)

Altars:


Innate Abilities, Weirdness & Mutations

You are small and have problems with some larger weapons.
You are somewhat resistant to further mutation.


Message History

You start resting.
HP restored.
There is a stone staircase leading down here.
Done exploring.
You climb downwards.
The river rat bites you. The river rat barely misses you.
The river rat closely misses you. The river rat bites you!
There is a stone staircase leading up here.
The river rat bites you. The river rat bites you!
* * * LOW HITPOINT WARNING * * *
You climb upwards.
There is a stone staircase leading down here.
Casting: Shroud of Golubria
Confirm with . or Enter, or press ? or * to list all spells.
You blink.
Casting: Blink
Confirm with . or Enter, or press ? or * to list all spells.
You blink.
The river rat barely misses you.
There is a stone staircase leading down here.
The river rat bites you!
You die...

#.# #....#### # #.# #.##....#
#.# #.##.##.# #.# #.##.##.#
#.# #)##.##.# ##### #.#
#.##.##.# ######## ....# #.#
#r##.##.###....... ###.###.#
#r##...........### #.....#.#
#@..........[..# #.....#.#
#######.##(....# ........#
#..##...##
#.....#################.###.##
#.......................<..(#
###.#.#################.#####
# #.#.# #.# # #.#.# #.# #
#.#.# #.#


You could see 2 river rats.

Vanquished Creatures
  2 adders (D:2)
  An ooze (D:2)
  A worm (D:1)
  3 dart slugs
  3 leopard geckos
  2 bats (D:2)
  6 giant cockroaches (D:3)
  3 goblins
  5 hobgoblins
  3 jackals (D:2)
  2 frilled lizards (D:2)
  4 kobolds
  3 rats
38 creatures vanquished.

Notes
Turn   | Place    | Note
-------+----------+-------------------------------------------
     0 | D:1      | FrankyJ the Halfling Warper began the quest for the Orb.
     0 | D:1      | Reached XP level 1. HP: 14/14 MP: 3/3
   298 | D:1      | Reached XP level 2. HP: 10/19 MP: 4/4
   439 | D:1      | Learned a level 2 spell: Shroud of Golubria
   442 | D:1      | Learned a level 2 spell: Blink
  1373 | D:1      | Reached XP level 3. HP: 24/24 MP: 3/5
  1564 | D:2      | Reached skill level 1 in Stealth
  2081 | D:2      | Reached XP level 4. HP: 29/29 MP: 4/7
  2746 | D:3      | Found a glowing drain.
  2766 | Sewer    | Entered a sewer
  3070 | D:2      | Slain by a river rat

Vault maps used:
D:1:      matt_arrival_refuge
D:3:      first_bread, gup_sewer_entry_pipe, nicolae_ru_great_annihilating_truth
Sewer:    sewer_kobolds

Skill      XL: |  1  2  3  4 |
---------------+-------------+-----
Fighting       | 2 |  2.1
Short Blades   | 3 |  3.0
Stealth        | 2 3 |  3.2
Spellcasting   | 2 |  2.0
Throwing       | |  1.0
Armour         | |  1.1
Dodging        | |  2.1
Translocations | |  3.2

Action                   |  1- 3 |  4- 6 || total
-------------------------+-------+-------++-------
Melee: Short sword       |   124 |   105 ||   229
Throw: Tomahawk          |     1 |       ||     1
 Cast: Shroud of Golubri |     5 |     3 ||     8
       Blink             |     2 |     4 ||     6
  Use: Scroll            |     1 |     1 ||     2
 Stab: Sleeping          |       |     1 ||     1
  Eat: Chunk             |     4 |     4 ||     8
Armor: Leather armour    |    26 |    27 ||    53
Dodge: Dodged            |    61 |    91 ||   152
